 Dungeon Crawl Stone Soup version 0.22-a0-247-gbddf880 (webtiles) character file.

34 matakusis the Caller (level 3, 0/19 HPs)
             Began as a Deep Elf Summoner on Feb 24, 2018.
             Slain by an adder (5 damage)
             ... on level 2 of the Dungeon.
             The game lasted 00:09:01 (1047 turns).

matakusis the Caller (Deep Elf Summoner)            Turns: 1047, Time: 00:09:02

Health: 0/19       AC:  5    Str:  5    XL:     3   Next: 14%
Magic:  2/10       EV: 13    Int: 20    God:
Gold:   82         SH:  0    Dex: 15    Spells: 6/9 levels left

rFire    . . .     SeeInvis .   e - +0 short sword
rCold    . . .     Gourm    .   (no shield)
rNeg     . . .     Faith    .   a - +0 robe
rPois    .         Spirit   .   (no helmet)
rElec    .         Reflect  .   (no cloak)
rCorr    .         Harm     .   (no gloves)
MR       .....                  (no boots)
Stlth    ++........             (no amulet)
HPRegen  0.06/turn              j - +3 ring of protection
MPRegen  0.12/turn              (no ring)

@: lethally poisoned (0 -> -3), very slightly contaminated
A: no striking features
a: no special abilities


You were on level 2 of the Dungeon.
You were not hungry.

You visited 1 branch of the dungeon, and saw 2 of its levels.

You collected 82 gold pieces.

Inventory:

Hand Weapons
 e - a +0 short sword (weapon)
Missiles
 k - 44 stones (quivered)
Armour
 a - a +0 robe (worn)
Jewellery
 j - a +3 ring of protection (left hand)
Scrolls
 c - 2 scrolls of remove curse
 i - 2 scrolls of magic mapping
Potions
 d - 2 potions of haste {unknown}
 f - a potion of heal wounds
 g - a potion of cancellation {unknown}
 h - a potion of invisibility {unknown}
 n - a potion of ambrosia {unknown}
Comestibles
 b - a ration
 m - a chunk of flesh


   Skills:
 - Level 2.4 Dodging
 - Level 2.4 Stealth
 + Level 3.6 Spellcasting
 * Level 5.2 Summonings


You had 6 spell levels left.
You knew the following spells:

 Your Spells              Type           Power        Failure   Level  Hunger
a - Summon Small Mammal   Summ           ###.         1%          1    None
b - Call Imp              Summ           ###.....     2%          2    ##.....


Dungeon Overview and Level Annotations

Branches:
Dungeon (2/15)

Altars:


Message History

Your crimson imp blinks!
The adder bites your shadow imp but does no damage.
Your shadow imp barely misses the adder.
You feel sick.
The adder barely misses your shadow imp.
Your crimson imp blinks!
Your shadow imp misses the adder.
You see here a scroll of identify.
You hit the adder.
The adder is severely wounded.
The adder barely misses you.
Your crimson imp blinks!
The adder bites you but does no damage.
Your shadow imp hits the adder but does no damage.
You hit the adder.
The adder is almost dead.
The hobgoblin shouts!
Your crimson imp completely misses the adder.
The adder bites you.
You die...

#.# #5# #.# #.#
#.# #.# #.# #.#
#.###.#
#.....#####
#.###.555.......
#......S§.######
#####.#@###
...#.# #####.#
#.# .g[ [.# ####


You could see an adder, a hobgoblin, 2 friendly crimson imps and a friendly
shadow imp.

Vanquished Creatures
  A hobgoblin (D:1)
1 creature vanquished.

Vanquished Creatures (collateral kills)
  A gnoll (D:1)
  2 oozes
  A dart slug (D:1)
  3 leopard geckos
  8 bats
  3 giant cockroaches (D:1)
  A goblin (D:1)
  A hobgoblin (D:1)
  3 kobolds
  A ball python (D:1)
  2 frilled lizards
  3 rats
29 creatures vanquished.

Grand Total: 30 creatures vanquished

Notes
Turn   | Place    | Note
-------+----------+-------------------------------------------
     0 | D:1      | matakusis the Deep Elf Summoner began the quest for the Orb.
     0 | D:1      | Reached XP level 1. HP: 10/10 MP: 6/6
   347 | D:1      | Reached XP level 2. HP: 15/15 MP: 2/8
   357 | D:1      | Learned a level 2 spell: Call Imp
   481 | D:1      | Reached skill level 5 in Summonings
   903 | D:2      | Reached XP level 3. HP: 19/19 MP: 10/10
  1047 | D:2      | Slain by an adder

Vault maps used:
D:1:      ncdulo_watergridlock
D:2:      nicolae_ru_the_path_less_chosen

Skill      XL: |  1  2 |
---------------+-------+-----
Summonings     | 5 |  5.2
Dodging        | |  2.4
Stealth        | |  2.4
Spellcasting   | |  3.6

Action                   || total
-------------------------++-------
Melee: Unarmed           ||     1
       Short sword       ||     8
 Cast: Summon Small Mamm ||    20
       Call Imp          ||    22
  Use: Scroll            ||     7
 Stab: Sleeping          ||     1
  Eat: Chunk             ||     1
Armor: Robe              ||     7
Dodge: Dodged            ||    22

Table legend:
 A = Spawn XP
 B = Non-spawn XP
 C = Spawn XP percentage of total XP
 D = Spawn monster count
 E = Non-spawn monster count
 F = Spawn count percentage of total count
 G = Total turns spent on level
                    A         B        C        D         E        F      G
               +---------+---------+-------+---------+---------+-------+---------
         Total |       0 |      49 |   0.0 |       0 |      30 |   0.0 |  1047
               +---------+---------+-------+---------+---------+-------+---------
           D:1 |       0 |      37 |   0.0 |       0 |      23 |   0.0 |   841
           D:2 |       0 |      12 |   0.0 |       0 |       7 |   0.0 |   206
               +---------+---------+-------+---------+---------+-------+---------
